AoeStats
← Tunga

Arabia

505717100Analyzed
1v1 RM · 22d ago on Sep 10, 2026· 69m 57s· 2 players
Game mode
Random Map
Map size
Tiny (2 player)
Population
200
Speed
Normal
Resources
Standard
Victory
Conquest
Starting age
Dark Age
Ending age
Imperial Age
RankedLock teamsTeams togetherTeam positionsShared explorationLock speedFull tech treeHidden civsTurbo modeCheats
Victory
Defeat
🇹🇷 Ethiopians · Türkiye
732
+18
🇭🇺 Franks · Hungary
784
-18
Tunga
10:36 Feudal Age
8:51 Loom
12:07 Wheelbarrow
14:46 Double-Bit Axe
14:43 Horse Collar
22:03 Scale Barding Armor
25:37 Castle Age
26:08 Elite Skirmisher
27:17 Hand Cart
29:38 Padded Archer Armor
29:28 Fletching
29:59 Chain Barding Armor
32:16 Squires
35:34 Royal Heirs
41:05 Imperial Age
42:21 Scale Mail Armor
42:31 Forging
44:19 Chain Mail Armor
44:40 Iron Casting
47:33 Blast Furnace
53:12 Halberdier
53:25 Elite Shotel Warrior
oxo
0:33 Loom
10:55 Feudal Age
11:27 Double-Bit Axe
13:08 Man-at-Arms
22:37 Castle Age
21:22 Stone Mining
21:23 Gold Mining
23:58 Gold Shaft Mining
23:36 Bow Saw
23:34 Squires
22:55 Pikeman
24:35 Husbandry
34:29 Imperial Age
34:15 Wheelbarrow
33:27 Town Watch
34:34 Fervor
36:52 Hand Cart
36:30 Fletching
36:57 Town Patrol
38:03 Halberdier
38:06 Cavalier
41:21 Chemistry
40:42 Ballistics
40:19 Bodkin Arrow
43:01 #83
42:02 Elite Throwing Axeman
43:47 Paladin
46:32 Forging
46:25 Padded Archer Armor
46:25 Scale Mail Armor
46:31 Scale Barding Armor
47:06 #83
46:48 Chivalry
49:38 Leather Archer Armor
49:59 Iron Casting
49:40 Chain Mail Armor
49:46 Chain Barding Armor
53:38 Chivalry
53:00 Elite Throwing Axeman
Connection lost

Rejoining the realm…

Still unreachable

The connection could not be restored.

Session expired

The server has moved on; the page needs a fresh start.